 Dungeon Crawl Stone Soup version 0.20.1-1-g8b1a95d (webtiles) character file.

90 dohliylev the Covert (level 4, -7/33 HPs)
             Began as a Vampire Assassin on Dec 6, 2017.
             Was an Initiate of Dithmenos.
             Killed from afar by an efreet (19 damage)
             ... with a fireball
             ... on level 1 of the Abyss.
             The game lasted 00:07:20 (1751 turns).

dohliylev the Covert (Vampire Assassin)             Turns: 1751, Time: 00:07:21

Health: -7/33      AC:  3    Str: 10    XL:     4   Next: 32%
Magic:  4/4        EV: 12    Int: 13    God:    Dithmenos [......]
Gold:   161        SH:  0    Dex: 16    Spells: 3/3 levels left

rFire    . . .     SeeInvis +   b - +0 blowgun
rCold    . . .     Gourm    .   (no shield)
rNeg     . . .     Faith    .   c - +0 robe
rPois    .         Spirit   .   (no helmet)
rElec    .         Reflect  .   d - +0 cloak
rCorr    .         Harm     .   (no gloves)
MR       .....     Rnd*Tele +   (no boots)
Stlth    ++++......             (no amulet)
Regen    0.4/turn               l - ring of teleportation (curse)
MPRegen  0.1/turn               (no ring)

@: regenerating quickly
A: fangs 3, see invisible, unbreathing
a: Renounce Religion


You were on level 1 of the Abyss.
You worshipped Dithmenos.
Dithmenos was noncommittal.
You were very full.

You visited 1 branch of the dungeon, and saw 3 of its levels.
You visited the Abyss 1 time.

You collected 161 gold pieces.

Inventory:

Hand Weapons
 b - a +0 blowgun (weapon)
 s - a +2 dagger of distortion
Missiles
 e - 7 poisoned needles (quivered)
 f - a curare-tipped needle
Armour
 c - a +0 robe (worn)
 d - a +0 cloak (worn)
Jewellery
 l - a cursed ring of teleportation (left hand)
Scrolls
 a - a scroll of acquirement {unknown}
 h - 4 scrolls of magic mapping {unknown}
 k - 2 scrolls of identify {unknown}
 o - a scroll of enchant weapon {unknown}
 q - a scroll of immolation {unknown}
 r - a scroll of enchant armour {unknown}
Potions
 g - 8 potions of blood
 i - a potion of brilliance {unknown}
 j - a potion of agility {unknown}
 m - a potion of haste {unknown}
 n - a potion of flight {unknown}
 p - a potion of curing {unknown}


   Skills:
 - Level 1.7 Fighting
 + Level 2.7 Short Blades
 - Level 1.5 Throwing
 + Level 1.3 Dodging
 - Level 8.4 Stealth


You had 3 spell levels left.
You didn't know any spells.

Dungeon Overview and Level Annotations

Branches:
Dungeon (3/15)

Altars:
Dithmenos
Fedhas


Innate Abilities, Weirdness & Mutations

Your natural rate of healing is unusually fast.
You have razor-sharp teeth.
You have supernaturally acute eyesight. (SInv)
You can survive without breathing.


Message History

A large abomination comes into view.
A ynoxinul comes into view.
A large abomination is nearby!
A small abomination comes into view.
Found a curved glass wand.
An efreet comes into view. It is wielding a scimitar of flaming.
Really walk into that cloud of flame? [Y]es or [N]o only, please.
Really walk into that cloud of flame?
Okay, then.
A smoke demon comes into view.
The smoke demon moves out of view.
You see here a wand of flame (?/48).
The efreet gestures at you. The bolt of fire hits you!
Ouch! That really hurt!
The efreet gestures at you.
The fireball explodes!
The fireball engulfs you!
Ouch! That really hurt!
You die...

# ##....#....X..
#. #.#..##..
##.. #§.
##..##.### #.#.
.§##.#....##
####§
###R##.#..###
###
#..#..##..... #
#.#./...##### #
# #..#.#....##
#..#
......#.@.##.#.#
#....
.#......### .# .
.# . ##...#.. #
#..## #......§..
#...#...##.
.#...3... §#
...###.#. . ..
.. . .


You could see a smoke demon (wandering) and an efreet.

Vanquished Creatures
  3 adders (D:2)
  3 worms (D:2)
  A dart slug (D:2)
  3 leopard geckos (D:1)
  A ball python (D:1)
  2 giant cockroaches (D:1)
  5 goblins
  6 hobgoblins
  5 jackals (D:2)
  4 kobolds
  3 bats
  5 frilled lizards (D:1)
  8 rats
49 creatures vanquished.

Notes
Turn   | Place    | Note
-------+----------+-------------------------------------------
     0 | D:1      | dohliylev the Vampire Assassin began the quest for the Orb.
     0 | D:1      | Reached XP level 1. HP: 16/16 MP: 1/1
    29 | D:1      | Reached skill level 6 in Stealth
   140 | D:1      | Reached XP level 2. HP: 22/22 MP: 2/2
   186 | D:1      | Reached skill level 7 in Stealth
   521 | D:1      | Reached XP level 3. HP: 26/27 MP: 3/3
   845 | D:2      | Reached skill level 8 in Stealth
  1223 | D:2      | Reached XP level 4. HP: 30/33 MP: 4/4
  1447 | D:2      | Found a shadowy altar of Dithmenos.
  1448 | D:2      | Found a blossoming altar of Fedhas.
  1452 | D:2      | Became a worshipper of Dithmenos the Shadowed
  1477 | D:3      | Noticed an ogre
  1482 | D:3      | Cast into level 1 of the Abyss (a distortion unwield)
  1508 | Abyss:1  | Noticed a hell hog
  1545 | Abyss:1  | Noticed a large abomination
  1549 | Abyss:1  | Noticed a small abomination
  1612 | Abyss:1  | Noticed a thrashing horror
  1654 | Abyss:1  | Noticed a great orb of eyes
  1660 | Abyss:1  | Noticed a hell hog
  1661 | Abyss:1  | Paralysed by a great orb of eyes for 2 turns
  1684 | Abyss:1  | Found a corrupted altar of Lugonu.
  1711 | Abyss:1  | Noticed a small abomination
  1714 | Abyss:1  | Noticed a large abomination
  1715 | Abyss:1  | Noticed a ynoxinul
  1737 | Abyss:1  | Noticed a small abomination
  1744 | Abyss:1  | Noticed an efreet
  1747 | Abyss:1  | Noticed a smoke demon
  1751 | Abyss:1  | Killed from afar by an efreet

Skill      XL: |  1  2  3 |
---------------+----------+-----
Stealth        | 6 7 8 |  8.4
Fighting       | |  1.7
Short Blades   | |  2.7
Throwing       | |  1.5
Dodging        | |  1.3

Action                   |  1- 3 |  4- 6 || total
-------------------------+-------+-------++-------
Melee: Dagger            |   110 |    13 ||   123
       Bite              |    10 |       ||    10
 Fire: Blowgun           |       |     9 ||     9
 Stab: Sleeping          |     9 |     2 ||    11
  Eat: Corpse            |    10 |     2 ||    12
Armor: Robe              |    25 |     4 ||    29
Dodge: Dodged            |    48 |     6 ||    54
